 Dungeon Crawl Stone Soup version 0.31-a0-255-g9c3d1c461a (webtiles) character file.

Game seed: 10050432686880991910

273 qw the Shooter (level 6, 0/37 HPs)
             Began as a Gargoyle Hexslinger on July 12, 2023.
             Frozen to death by an endoplasm (2 damage)
             ... on level 4 of the Dungeon.
             The game lasted 00:01:17 (2091 turns).

qw the Shooter (Gargoyle Hexslinger)                Turns: 2091, Time: 00:01:17

Health: 0/37       AC: 11    Str: 11    XL:     6   Next: 24%
Magic:  0/7        EV: 10    Int: 14    God:
Gold:   136        SH:  0    Dex: 14    Spells: 6/7 levels left

rFire   . . .        Y - +1 sling
rCold   . . .        (no shield)
rNeg    + . .        b - +0 ring mail
rPois   inf          (helmet restricted)
rElec   +            c - +1 cloak
rCorr   +            (no gloves)
SInv    .            (no boots)
Will    .....        e - amulet of guardian spirit
Stlth   +            i - ring of resist corrosion
HPRegen 0.26/turn    (no ring)
MPRegen 0.10/turn

%: guardian spirit
@: flying
A: sickness immunity, AC +4, negative energy resistance 1, electricity
resistance, torment resistance 1, petrification resistance, big wings, horns 1,
mutation resistance 1
a: no special abilities


You were on level 4 of the Dungeon.
You visited 1 branch of the dungeon, and saw 4 of its levels.

You collected 136 gold pieces.


Innate Abilities, Weirdness & Mutations

You are immune to sickness and miasma.
Your stone body is resilient. (AC +4)
You are immune to poison.
You resist negative energy. (rN+)
You are resistant to electric shocks. (rElec)
You are resistant to unholy torment.
You are immune to petrification.
Your large and strong wings let you fly.
You have a pair of small horns on your head.
You are somewhat resistant to further mutation.


   Skills:
 - Level 3.0 Fighting
 + Level 5.6 Ranged Weapons
 - Level 1.0 Armour
 - Level 1.5 Dodging
 - Level 1.0 Spellcasting
 - Level 2.6 Hexes


You had 6 spell levels left.
You knew the following spells:

 Your Spells              Type           Power      Damage    Failure   Level
a - Slow                  Hex            32%        N/A       21%         1

Your spell library contained the following spells:

 Spells                   Type           Power      Damage    Failure   Level
 Inner Flame              Hex/Fire       4%         N/A       71%         3
 Portal Projectile        Hex/Tloc       8%         N/A       71%         3
 Cause Fear               Hex            4%         N/A       90%         4

Inventory:

Hand Weapons
 Y - a +1 sling (weapon)
Armour
 b - a +0 ring mail (worn)
 c - a +1 cloak (worn)
Jewellery
 e - an amulet of guardian spirit (around neck)
 i - a ring of resist corrosion (left hand)
Scrolls
 f - a scroll of identify
Potions
 a - a potion of curing
 d - a potion of degeneration {unknown}
 g - a potion of mutation
 j - 2 potions of might {unknown}
 k - a potion of invisibility {unknown}
 n - a potion of berserk rage {unknown}
 o - a potion of brilliance {unknown}

Dungeon Overview and Level Annotations

Branches:
Dungeon (4/15)
 Temple: D:4-7

Altars:


Message History

The sleepcap is moderately damaged.
The endoplasm misses you. The sleepcap misses you.
You shoot a sling bullet.
The sling bullet completely misses the sleepcap.
The endoplasm freezes you.
You are frozen.
The sleepcap releases spores at you but does no damage.
You shoot a sling bullet.
The sling bullet hits the sleepcap but does no damage.
The sleepcap is moderately damaged.
The endoplasm freezes you.
You are frozen.
The sleepcap closely misses you. The endoplasm freezes you.
You are frozen.
The sleepcap releases spores at you.
You shoot a sling bullet.
The sling bullet hits the sleepcap but does no damage.
The sleepcap is moderately damaged.
The endoplasm barely misses you. The sleepcap closely misses you.
You shoot a sling bullet.
The sling bullet hits the sleepcap but does no damage.
The sleepcap is moderately damaged.
The endoplasm freezes you.
You are frozen.
The sleepcap releases spores at you but does no damage.
You shoot a sling bullet.
The sling bullet hits the sleepcap but does no damage.
The sleepcap is moderately damaged.
The endoplasm freezes you.
You are frozen.
The sleepcap releases spores at you but does no damage.
You shoot a sling bullet. The sling bullet hits the sleepcap.
The sleepcap is heavily damaged.
The sleepcap completely misses you.
The endoplasm hits you but does no damage.
The endoplasm barely misses you. The sleepcap closely misses you.
You shoot a sling bullet. The sling bullet hits the sleepcap.
The sleepcap is severely damaged.
The endoplasm freezes you.
You are frozen.
You die...

... ...+..........?+
#########...........#
#............#
#............#
#............#
###............#
#..............#
#.##...........# ?..
#@..........# '##
#fJ%........##
#...........#
............
#.########## #. ..
...


You could see a sleepcap and an endoplasm.

Vanquished Creatures
  An ogre (D:4)
  A scorpion (D:4)
  6 adders
  2 worms
  A dart slug (D:3)
  An orc (D:3)
  4 ball pythons
  3 endoplasms
  A giant cockroach (D:2)
  4 goblins
  6 hobgoblins
  6 jackals
  A kobold (D:1)
  4 quokkas
  7 bats
  5 frilled lizards
  16 rats
69 creatures vanquished.

Notes
Turn   | Place    | Note
-------+----------+-------------------------------------------
     0 | D:1      | qw the Gargoyle Hexslinger began the quest for the Orb.
     0 | D:1      | Reached XP level 1. HP: 12/12 MP: 2/2
     0 | D:1      | 0 ||| qw: Version: 0.3-a-52-g30416fa
     0 | D:1      | 0 ||| qw: Game counter: 6660
     0 | D:1      | 0 ||| qw: Melee chars always use a shield: true
     0 | D:1      | 0 ||| qw: God list: Okawaru
     0 | D:1      | 0 ||| qw: Allow faded altars: false
     0 | D:1      | 0 ||| qw: Do Orc after clearing Dungeon:15 true
     0 | D:1      | 0 ||| qw: Do second Lair branch before Depths: true
     0 | D:1      | 0 ||| qw: Lair rune preference: random
     0 | D:1      | 0 ||| qw: Goals: Normal
     0 | D:1      | 0 ||| PLANNING D:1-11
    62 | D:1      | Reached XP level 2. HP: 15/16 MP: 3/3
   137 | D:1      | Found a faded altar of an unknown god.
   216 | D:1      | Reached skill level 3 in Ranged Weapons
   407 | D:1      | Reached XP level 3. HP: 21/21 MP: 4/4
   492 | D:1      | 492 ||| READING scroll labelled VIORORGH EFEK.
   493 | D:1      | 493 ||| READING scroll labelled UGIFAFR VOFIE.
   494 | D:1      | 494 ||| READING scroll labelled LAENUDUOT.
   495 | D:1      | 495 ||| READING scroll labelled COETHU DIENTYNO.
   496 | D:1      | 496 ||| READING scroll labelled JIPEXZ DEFENIA.
   497 | D:1      | 497 ||| READING scroll labelled GOEN VUPTUE.
   498 | D:1      | 498 ||| READING scroll labelled SIYSEU ACOKIBE.
   503 | D:1      | 503 ||| DRINKING 2 fuming pink potions.
   503 | D:1      | Gained mutation: Your large and strong wings let you fly.
                  | [potion of mutation]
   503 | D:1      | Gained mutation: You are somewhat resistant to further
                  | mutation. [potion of mutation]
   503 | D:1      | Gained mutation: You have a pair of small horns on your
                  | head. [potion of mutation]
   504 | D:1      | 504 ||| DRINKING 2 metallic clear potions.
   505 | D:1      | 505 ||| DROPPING scroll of poison.
   533 | D:2      | 533 ||| STAIRDANCE
   771 | D:2      | Reached XP level 4. HP: 26/26 MP: 5/5
  1008 | D:2      | 1008 ||| UPGRADING to +0 ring mail.
  1018 | D:2      | 1018 ||| DROPPING +0 robe.
  1019 | D:2      | 1019 ||| UPGRADING to amulet of guardian spirit.
  1024 | D:2      | 1024 ||| READING scroll labelled NANOAR VU QOFF.
  1037 | D:2      | 1037 ||| READING scroll labelled OMNENUSHRUMY.
  1038 | D:2      | 1038 ||| READING 2 scrolls of identify.
  1038 | D:2      | 1038 ||| IDENTIFYING murky pink potion
  1058 | D:3      | Reached skill level 4 in Ranged Weapons
  1099 | D:3      | Reached skill level 1 in Armour
  1227 | D:3      | HP: 4/26 [worm (6)]
  1228 | D:3      | 1228 ||| DRINKING potion of heal wounds.
  1559 | D:3      | Reached XP level 5. HP: 30/30 MP: 6/6
  1893 | D:3      | 1893 ||| UPGRADING to +0 cloak.
  1898 | D:3      | 1898 ||| READING scroll of enchant armour.
  1898 | D:3      | 1898 ||| ENCHANTING +0 cloak.
  1899 | D:3      | 1899 ||| UPGRADING to ring of resist corrosion.
  1900 | D:3      | 1900 ||| READING 2 scrolls of identify.
  1900 | D:3      | 1900 ||| IDENTIFYING viscous brown potion
  1901 | D:3      | 1901 ||| DROPPING potion of ambrosia.
  1933 | D:4      | Noticed an ogre
  1944 | D:4      | Killed an ogre
  1945 | D:4      | Reached skill level 5 in Ranged Weapons
  1973 | D:4      | Reached skill level 3 in Fighting
  1973 | D:4      | Reached XP level 6. HP: 20/37 MP: 5/7
  2083 | D:4      | HP: 7/37 [sleepcap (3)]
  2086 | D:4      | HP: 3/37 [sleepcap (2)]
  2089 | D:4      | HP: 1/37 [frozen (1)]
  2091 | D:4      | Frozen to death by an endoplasm

Levels and vault maps discovered:
D:1:      ldierk_walled_garden, layout_rooms,
          shapermc_ecumenical_altar_mp_highgroup, minmay_rat_gold_closets
D:2:      layout_rooms
D:3:      layout_basic, hangedman_decor_growths, minmay_hedge_maze
D:4:      layout_basic

Skill      XL: |  1  2  3  4  5 |
---------------+----------------+-----
Ranged Weapons | 3 4 5 |  5.6
Fighting       | 2 3 |  3.0
Armour         | 1 |  1.0
Dodging        | |  1.5
Spellcasting   | |  1.0
Hexes          | |  2.6

Action                     |  1- 3 |  4- 6 || total
---------------------------+-------+-------++-------
   Fire: Sling             |   143 |   201 ||   344
    Use: Scroll            |     7 |     5 ||    12
         Potion            |     2 |     1 ||     3
 Armour: Robe              |    34 |     6 ||    40
         Ring mail         |       |    81 ||    81
  Dodge: Dodged            |    80 |   114 ||   194

Table legend:
 A = Non-vault XP
 B = Vault XP
 C = Vault XP percentage of total XP
 D = Non-vault monster count
 E = Vault monster count
 F = Vault count percentage of total count
                 A         B        C        D         E       F
            +---------+---------+-------+---------+---------+-------
      Total |     382 |       9 |   2.3 |      60 |       9 |  13.0
            +---------+---------+-------+---------+---------+-------
        D:1 |      40 |       9 |  18.4 |      19 |       9 |  32.1
        D:2 |      42 |       0 |   0.0 |      16 |       0 |   0.0
        D:3 |      79 |       0 |   0.0 |      16 |       0 |   0.0
        D:4 |     221 |       0 |   0.0 |       9 |       0 |   0.0
            +---------+---------+-------+---------+---------+-------
